 Dungeon Crawl Stone Soup version 0.30-a0-358-g0d69a1922f (webtiles) character file.

Game seed: 11246508058213022347

455 ragingrage the Chopper (level 7, 0/56 HPs)
             Began as a Gnoll Reaver on Nov 9, 2022.
             Was an Initiate of Ru.
             Slain by a gnoll
             ... wielding a +0 whip
              (4 damage)
             ... on level 5 of the Dungeon.
             The game lasted 00:04:39 (4458 turns).

ragingrage the Chopper (Gnoll Reaver)               Turns: 4458, Time: 00:04:39

Health: 0/56       AC:  5    Str: 11    XL:     7   Next: 5%
Magic:  7/15       EV: 12    Int: 15    God:    Ru [......]
Gold:   245        SH:  0    Dex: 10    Spells: 12/17 levels left

rFire   . . .      SeeInvis .    b - +2 whip (elec)
rCold   . . .      Faith    .    (no shield)
rNeg    . . .      Spirit   .    f - +0 leather armour
rPois   .          Reflect  .    k - +0 helmet
rElec   .          Harm     .    r - +0 cloak
rCorr   .          Rampage  .    (no gloves)
Will    .....                    (no boots)
Stlth   ++........               (no amulet)
HPRegen 0.29/turn                (no ring)
MPRegen 0.14/turn                (no ring)

@: brilliant, attractive, immotile
A: fangs 1, strong nose, distributed training, MP-powered wands
a: Renounce Religion


You were on level 5 of the Dungeon.
You worshipped Ru.
Ru was noncommittal.
You visited 1 branch of the dungeon, and saw 5 of its levels.

You collected 269 gold pieces.
You spent 24 gold pieces at shops.

Inventory:

Hand Weapons
 a - a +2 dagger of venom
 b - a +2 whip of electrocution (weapon)
 j - a +1 short sword of freezing
 n - a +1 hand axe of flaming
 y - a +2 short sword of holy wrath
Missiles
 z - a curare-tipped dart
Armour
 f - a +0 leather armour (worn)
 k - a +0 helmet (worn)
 r - a +0 cloak (worn)
Jewellery
 l - a ring of wizardry
 p - a +4 ring of evasion
 C - a ring of protection from fire
Wands
 x - a wand of charming (1)
Scrolls
 c - 2 scrolls of amnesia {unknown}
 d - 2 scrolls of fear
 e - a scroll of summoning {unknown}
 g - 5 scrolls of teleportation {unknown}
 i - 3 scrolls of silence {unknown}
 t - 3 scrolls of enchant armour {unknown}
 u - 4 scrolls of identify
 v - a scroll of blinking {unknown}
Potions
 h - 4 potions of magic
 m - 2 potions of resistance
 o - a potion of brilliance
 s - a potion of heal wounds
 w - a potion of mutation
 A - a potion of lignification {unknown}
 B - 2 potions of cancellation {unknown}


   Skills:
 + Level 5.1 Fighting
 + Level 2.3 Short Blades
 + Level 2.3 Long Blades
 + Level 7.0 Axes
 + Level 2.3 Maces & Flails
 + Level 2.3 Polearms
 + Level 2.3 Staves
 + Level 2.3 Ranged Weapons
 + Level 2.3 Throwing
 + Level 2.3 Armour
 + Level 5.1 Dodging
 + Level 2.3 Stealth
 + Level 2.3 Shields
 + Level 2.3 Unarmed Combat
 + Level 5.5 Spellcasting
 + Level 5.8 Conjurations
 + Level 1.9 Hexes
 + Level 1.9 Summonings
 + Level 1.9 Necromancy
 + Level 1.9 Translocations
 + Level 1.9 Transmutations
 + Level 1.9 Fire Magic
 + Level 1.9 Ice Magic
 + Level 1.9 Air Magic
 + Level 1.9 Earth Magic
 + Level 1.9 Poison Magic
 + Level 2.5 Invocations
 + Level 2.3 Evocations


You had 12 spell levels left.
You knew the following spells:

 Your Spells              Type           Power      Damage    Failure   Level
a - Kiss of Death         Conj/Necr      92%        2d12      4%          1
b - Momentum Strike       Conj/Tloc      46%        3d9       6%          2
c - Poisonous Vapours     Pois/Air       28%        N/A       14%         2

Your spell library contained the following spells:

 Spells                   Type           Power      Damage    Failure   Level
 Hailstorm                Conj/Ice       23%        3d7       12%         3
 Cigotuvi's Dreadful Rot  Necr/Pois/Air  28%        N/A       14%         2
 Mephitic Cloud           Conj/Pois/Air  20%        N/A       16%         3
 Tukima's Dance           Hex            14%        N/A       28%         3
 Passage of Golubria      Tloc           14%        N/A       67%         4
 Yara's Violent Unravell  Hex/Tmut       7%         3d5       95%         5
 Chain Lightning          Conj/Air       11%        3d15      100%        9
 Fire Storm               Conj/Fire      11%        8d3       100%        9
 Shatter                  Erth           7%         3d9*      100%        9


Dungeon Overview and Level Annotations

Branches:
Dungeon (5/15)
 Temple: D:4-7

Altars:
Ashenzari
Fedhas
Ru

Shops:
D:3 ?   D:4 *

Annotations:
D:2 1 runed translucent door, Crazy Yiuf


Innate Abilities, Weirdness & Mutations

You have very sharp teeth.
Your uncanny sense of smell can sniff out nearby items.
Your experience applies equally to all skills.
You expend magic power (3 MP) to strengthen your wands.


Message History

You feel a surge of power!
Poisonous vapours surround the gnoll!
The gnoll looks even sicker.
It was a potion of attraction.
You feel attractive to monsters. The gnoll is attracted toward you. x2
You closely miss the gnoll.
The gnoll is almost dead.
You kill the gnoll!
The gnoll closely misses you. The gnoll is attracted toward you. x2
You closely miss the gnoll. The gnoll misses you.
You closely miss the gnoll. You bite the gnoll.
The gnoll is lightly wounded.
The gnoll hits you with a +0 halberd.
* * * LOW HITPOINT WARNING * * *
Okay, then.
Casting: Poisonous Vapours (safe; 14% risk of failure)
Confirm with . or Enter, or press ? or * to list all spells.
Aiming: Momentum Strike (safe; 6% risk of failure)
Press: ? - help, Dir - move target, f - gnoll
Aim: a gnoll, wielding a +0 halberd (lightly wounded, 75% to hit)
You feel a surge of power!
The concentrated momentum hits the gnoll!
You are unable to move.
The gnoll barely misses you.
You hit the gnoll.
The gnoll is almost dead.
The gnoll barely misses you.
You closely miss the gnoll.
The gnoll is almost dead.
The gnoll hits you with a +0 halberd!
* * * LOW HITPOINT WARNING * * *
You hit the gnoll.
You kill the gnoll!
You hit the gnoll. You bite the gnoll, but do no damage.
The gnoll is moderately wounded.
The gnoll hits you with a +0 whip.
* * * LOW HITPOINT WARNING * * *
You whack the gnoll!
The gnoll is almost dead.
The gnoll hits you with a +0 whip.
You die...

##################
.......<.).....g@#
.#####..g###.#####
...........#
#.###.#.g### #
..#.## [###.# #g
.$# . . .. ∆


You could see a gnoll.

Vanquished Creatures
  A kobold brigand (D:4)
  A hound (D:4)
  Jessica (D:2)
  3 iguanas
  An orc wizard (D:4)
  Robin (D:2)
  9 gnolls
  2 adders
  2 worms
  A dart slug (D:3)
  5 orcs
  5 ball pythons
  4 bats
  8 endoplasms
  7 giant cockroaches
  10 goblins
  9 hobgoblins
  2 jackals (D:1)
  25 kobolds
  A quokka (D:3)
  4 frilled lizards
  7 rats
109 creatures vanquished.

Vanquished Creatures (others)
  A gnoll (D:5)
  32 plants (D:4)
33 creatures vanquished.

Grand Total: 142 creatures vanquished

Notes
Turn   | Place    | Note
-------+----------+-------------------------------------------
     0 | D:1      | ragingrage the Gnoll Reaver began the quest for the Orb.
     0 | D:1      | Reached XP level 1. HP: 20/20 MP: 6/6
    93 | D:1      | Reached XP level 2. HP: 26/26 MP: 7/7
   270 | D:1      | Reached skill level 5 in Spellcasting
   270 | D:1      | Reached XP level 3. HP: 17/29 MP: 7/9
   455 | D:1      | Found a faded altar of an unknown god.
   536 | D:1      | Reached skill level 1 in Invocations
   847 | D:2      | Noticed Robin
   875 | D:2      | Killed Robin
   876 | D:2      | Reached skill level 1 in Short Blades
   876 | D:2      | Reached skill level 1 in Long Blades
   876 | D:2      | Reached skill level 1 in Maces & Flails
   876 | D:2      | Reached skill level 1 in Polearms
   876 | D:2      | Reached skill level 1 in Staves
   876 | D:2      | Reached skill level 1 in Ranged Weapons
   876 | D:2      | Reached skill level 1 in Throwing
   876 | D:2      | Reached skill level 1 in Armour
   876 | D:2      | Reached skill level 1 in Stealth
   876 | D:2      | Reached skill level 1 in Shields
   876 | D:2      | Reached skill level 1 in Unarmed Combat
   876 | D:2      | Reached skill level 1 in Evocations
   949 | D:2      | Reached XP level 4. HP: 33/38 MP: 11/11
  1022 | D:2      | Noticed Jessica
  1031 | D:2      | Killed Jessica
  1032 | D:2      | Reached skill level 1 in Hexes
  1032 | D:2      | Reached skill level 1 in Summonings
  1032 | D:2      | Reached skill level 1 in Necromancy
  1032 | D:2      | Reached skill level 1 in Translocations
  1032 | D:2      | Reached skill level 1 in Transmutations
  1032 | D:2      | Reached skill level 1 in Fire Magic
  1032 | D:2      | Reached skill level 1 in Ice Magic
  1032 | D:2      | Reached skill level 1 in Air Magic
  1032 | D:2      | Reached skill level 1 in Earth Magic
  1032 | D:2      | Reached skill level 1 in Poison Magic
  1442 | D:2      | Found a runed translucent door.
  1443 | D:2      | Noticed Crazy Yiuf
  1729 | D:3      | Reached XP level 5. HP: 41/43 MP: 12/12
  1737 | D:3      | Learned a level 2 spell: Momentum Strike
  1796 | D:3      | Learned a level 2 spell: Poisonous Vapours
  2170 | D:3      | Found Apsuifud's Magic Scroll Boutique.
  2178 | D:3      | Bought a scroll of identify for 24 gold pieces
  2406 | D:3      | Found a broken altar of Ashenzari.
  2406 | D:3      | Found a sacrificial altar of Ru.
  2406 | D:3      | Found a blossoming altar of Fedhas.
  2724 | D:3      | Became a worshipper of Ru the Awakened
  2771 | D:4      | Found Udono's General Store.
  3295 | D:4      | Gained mutation: You expend magic power (3 MP) to
                  | strengthen your wands. [potion of mutation]
  3305 | D:4      | Reached XP level 6. HP: 20/50 MP: 13/13
  3451 | D:4      | Reached skill level 5 in Fighting
  3451 | D:4      | Reached skill level 5 in Dodging
  4399 | D:5      | Entered Level 5 of the Dungeon
  4421 | D:5      | Reached skill level 7 in Axes
  4421 | D:5      | Reached XP level 7. HP: 14/56 MP: 9/15
  4458 | D:5      | Slain by a gnoll

Illustrated notes

Levels and vault maps discovered:
D:1:      dpeg_arrival_shelter, layout_basic, chequers_ecumenical_altar_grove
D:2:      layout_rooms, uniq_jessica, uniq_robin, uniq_crazy_yiuf_cottage
D:3:      layout_basic, gammafunk_temple_overflow_forgotten, serial_shops,
          nicolae_shop_stone
D:4:      kennysheep_kobold_camp, layout_cave_pools, serial_shops,
          nicolae_shop_hallway_plus
D:5:      layout_rooms, mainiacjoe_overflow_large_starburst,
          minmay_temple_entry_junction, grunt_decor_resistance,
          nicolae_grassy_gnolls, uniq_menkaure

Skill      XL: |  1  2  3  4  5  6 |
---------------+-------------------+-----
Spellcasting   | 5 |  5.5
Invocations    | 1 2 |  2.5
Short Blades   | 1 2 |  2.3
Long Blades    | 1 2 |  2.3
Maces & Flails | 1 2 |  2.3
Polearms       | 1 2 |  2.3
Staves         | 1 2 |  2.3
Ranged Weapons | 1 2 |  2.3
Throwing       | 1 2 |  2.3
Armour         | 1 2 |  2.3
Stealth        | 1 2 |  2.3
Shields        | 1 2 |  2.3
Unarmed Combat | 1 2 |  2.3
Evocations     | 1 2 |  2.3
Hexes          | 1 |  1.9
Summonings     | 1 |  1.9
Necromancy     | 1 |  1.9
Translocations | 1 |  1.9
Transmutations | 1 |  1.9
Fire Magic     | 1 |  1.9
Ice Magic      | 1 |  1.9
Air Magic      | 1 |  1.9
Earth Magic    | 1 |  1.9
Poison Magic   | 1 |  1.9
Fighting       | 5 |  5.1
Dodging        | 5 |  5.1
Axes           | 7 |  7.0
Conjurations   | |  5.8

Action                   |  1- 3 |  4- 6 |  7- 9 || total
-------------------------+-------+-------+-------++-------
Melee: Hand axe          |    28 |    21 |       ||    49
       Whip              |    73 |   117 |    12 ||   202
       Bite              |     5 |    20 |     4 ||    29
       Punch             |     2 |     4 |       ||     6
       Dagger            |       |    88 |       ||    88
 Cast: Kiss of Death     |     1 |       |       ||     1
       Poisonous Vapours |       |    20 |     5 ||    25
       Momentum Strike   |       |       |     2 ||     2
  Use: Potion            |       |     3 |     1 ||     4
       Scroll            |       |     2 |       ||     2
 Stab: Distracted        |       |     1 |       ||     1
       Sleeping          |       |     1 |       ||     1
Armor: Leather armour    |    30 |    52 |       ||    82
Dodge: Dodged            |    69 |   116 |     7 ||   192

Table legend: (Time is in decaauts)
 A = Elapsed time spent in this place.
 B = Non-inter-level travel time spent in this place.
 C = Inter-level travel time spent in this place.
 D = Time resting spent in this place.
 E = Time spent auto-exploring this place.
 F = Levels seen in this place.
 G = Mean time per level.
                   A        B        C        D        E       F      G
               +--------+--------+--------+--------+--------+-----+--------+
         Total |   4449 |   4267 |    182 |    825 |   2603 |   5 |  889.8 |
       Dungeon |   4449 |   4267 |    182 |    825 |   2603 |   5 |  889.8 |
               +--------+--------+--------+--------+--------+-----+--------+

Top non-repeatable levels by time:
     D:4: 1466 daAuts
     D:3: 1222 daAuts
     D:1: 883 daAuts
     D:2: 819 daAuts
     D:5: 57 daAuts
